 Dungeon Crawl Stone Soup version 0.26.1-11-gd32895ea62 (webtiles) character file.

Game seed: 16620331774817632474

2833 Gwenloh the Destroyer (level 9, -14/45 HPs)
             Began as a Deep Elf Conjurer on May 19, 2021.
             Was an Initiate of Sif Muna.
             Demolished by a two-headed ogre
             ... wielding a +0 giant club
              (26 damage)
             ... on level 8 of the Dungeon.
             The game lasted 00:38:11 (11406 turns).

Gwenloh the Destroyer (Deep Elf Conjurer)          Turns: 11406, Time: 00:38:11

Health: -14/45     AC:  5    Str:  4    XL:     9   Next: 45%
Magic:  12/23      EV: 16    Int: 26    God:    Sif Muna [......]
Gold:   274        SH:  0    Dex: 14    Spells: 10/24 levels left

rFire    . . .     SeeInvis .   g - +0 dagger
rCold    . . .     Faith    .   (no shield)
rNeg     . . .     Spirit   .   a - +0 robe
rPois    .         Reflect  .   y - +0 helmet
rElec    .         Harm     .   c - +0 cloak
rCorr    .         Rampage  .   h - +0 pair of gloves
Will     +....                  (no boots)
Stlth    ++........             (no amulet)
HPRegen  0.15/turn              q - ring of willpower
MPRegen  0.18/turn              (no ring)

@: no status effects
A: no striking features
a: Renounce Religion


You were on level 8 of the Dungeon.
You worshipped Sif Muna.
Sif Muna was noncommittal.
You visited 2 branches of the dungeon, and saw 9 of its levels.

You collected 274 gold pieces.

Inventory:

Hand Weapons
 g - a +0 dagger (weapon)
Armour
 a - a +0 robe (worn)
 c - a +0 cloak (worn)
 h - a +0 pair of gloves (worn)
 v - a +0 leather armour of willpower
 y - a +0 helmet (worn)
 D - the +2 robe "Atiriryi" {Regen+ Str+7 Dex-4 Stlth-}
   (You took it off a big kobold on level 7 of the Dungeon)

   It affects your strength (+7).
   It affects your dexterity (-4).
   It increases your rate of regeneration.
   It makes you less stealthy.
Jewellery
 o - an uncursed ring of ice
 q - a ring of willpower (left hand)
Wands
 r - a wand of paralysis (15)
 C - a wand of iceblast (7)
Scrolls
 b - 3 scrolls of remove curse
 e - 2 scrolls of enchant armour
 f - 2 scrolls of fog
 j - 2 scrolls of enchant weapon
 k - 3 scrolls of teleportation
 n - 2 scrolls of immolation
 p - a scroll of magic mapping
 t - 2 scrolls of blinking
 E - a scroll of identify
Potions
 d - 2 potions of might
 i - a potion of berserk rage {unknown}
 l - a potion of resistance {unknown}
 m - 2 potions of heal wounds
 s - 5 potions of curing
 u - a potion of brilliance {unknown}
 w - a potion of lignification {unknown}
 x - a potion of degeneration {unknown}
 z - a potion of magic {unknown}
 A - a potion of mutation {unknown}
 B - a potion of flight {unknown}


   Skills:
 + Level 7.4 Dodging
 - Level 2.4 Stealth
 + Level 8.2 Spellcasting
 + Level 11.6 Conjurations
 + Level 0.4 Hexes


You had 10 spell levels left.
You knew the following spells:

 Your Spells              Type           Power        Failure   Level
a - Magic Dart            Conj           100%         1%          1
b - Searing Ray           Conj           100%         1%          2
c - Dazzling Flash        Conj/Hex       84%          1%          3
d - Fulminant Prism       Conj/Hex       21%          4%          4
e - Iskenderun's Mystic   Conj/Tloc      41%          4%          4

Your spell library contained the following spells:

 Spells                   Type           Power        Failure   Level


Dungeon Overview and Level Annotations

Branches:
Dungeon (8/15)             Temple (1/1) D:7
   Lair: D:8-11

Altars:
Ashenzari
Cheibriados
Dithmenos
Elyvilon
Fedhas
Gozag
Hepliaklqana
Kikubaaqudgha
Makhleb
Nemelex Xobeh
Okawaru
Qazlal
Ru
Sif Muna
Trog
Uskayaw
Vehumet
Wu Jian
Xom
Yredelemnul
Zin
The Shining One

Shops:
D:6 =


Message History

The two-headed ogre is moderately wounded.
The searing ray hits the two-headed ogre!
The two-headed ogre is heavily wounded.
The two-headed ogre barely misses you.
The two-headed ogre hits you with a +0 giant club!
The searing ray hits the two-headed ogre!
The two-headed ogre is severely wounded.
You finish channeling your searing ray.
The two-headed ogre hits you with a +0 giant club!
* * * LOW HITPOINT WARNING * * *
The two-headed ogre misses you.
Casting: Searing Ray (safe; 1% risk of failure)
Confirm with . or Enter, or press ? or * to list all spells.
You erupt in a blast of force!
The mystic blast hits the two-headed ogre!
The two-headed ogre is severely wounded.
The two-headed ogre is no longer blind.
The two-headed ogre hits you with a +0 giant club!!
Ouch! That really hurt!
You die...

#..#.............. #
#..#.#............ #.
#..#.#........##..
##.######..#....#######...
.................... .....
.........#.#..##.####...
#...##..#.#..# #...
#...##..#.#..# +...'O@...#
.. #...#..#..# ...
#...#..#..# ##.
+...+....... #...#..##.#.#
#...#..# ..... #...#..#
...< #$..#...


You could see a two-headed ogre.

Vanquished Creatures
  Grinder (D:3)
  A yak (D:5)
  Edmund (D:4)
  A water moccasin (D:6)
  4 orc warriors
  An eye of draining (D:7)
  2 phantoms
  An ogre (D:7)
  2 bullfrogs (D:7)
  3 big kobolds (D:7)
  A gnoll sergeant (D:6)
  2 scorpions
  4 electric eels (D:7)
  A centaur zombie (D:6)
  2 hounds
  2 jellies
  A centaur skeleton (D:4)
  3 orc priests
  An iguana (D:5)
  5 orc wizards
  3 worker ants
  A killer bee zombie (D:7)
  A howler monkey zombie (D:5)
  A worker ant zombie (D:7)
  8 adders
  12 gnolls
  A shadow imp (D:8)
  A white imp (D:5)
  3 oozes
  2 adder skeletons
  A worm (D:2)
  2 dart slugs
  5 leopard geckos
  23 orcs
  9 giant cockroaches
  8 goblins
  4 hobgoblins
  11 jackals
  7 quokkas
  3 ball pythons
  8 bats
  8 frilled lizards
  A giant cockroach zombie (D:6)
  A jackal skeleton (D:8)
  15 kobolds
  A quokka skeleton (D:5)
  8 rats
187 creatures vanquished.

Vanquished Creatures (others)
  2 fulminant prisms
  55 plants
57 creatures vanquished.

Grand Total: 244 creatures vanquished

Notes
Turn   | Place    | Note
-------+----------+-------------------------------------------
     0 | D:1      | Gwenloh the Deep Elf Conjurer began the quest for the Orb.
     0 | D:1      | Reached XP level 1. HP: 10/10 MP: 6/6
   338 | D:1      | Reached XP level 2. HP: 15/15 MP: 5/8
   341 | D:1      | Learned a level 2 spell: Searing Ray
   370 | D:1      | Reached skill level 5 in Conjurations
  1174 | D:2      | Found a sacrificial altar of Ru.
  1183 | D:2      | Reached XP level 3. HP: 19/19 MP: 4/9
  1652 | D:2      | Learned a level 3 spell: Dazzling Flash
  1889 | D:2      | Found a faded altar of an unknown god.
  1928 | D:2      | Reached skill level 6 in Conjurations
  2314 | D:2      | Found an ancient bone altar of Kikubaaqudgha.
  2352 | D:2      | Found a bloodstained altar of Trog.
  2591 | D:3      | Found a blossoming altar of Fedhas.
  2674 | D:3      | Reached XP level 4. HP: 24/24 MP: 1/10
  2967 | D:3      | Noticed Grinder
  2970 | D:3      | Reached skill level 7 in Conjurations
  2970 | D:3      | Reached XP level 5. HP: 28/28 MP: 3/11
  3044 | D:3      | Paralysed by Grinder for 3 turns
  3051 | D:3      | Killed Grinder
  3052 | D:3      | Reached skill level 8 in Conjurations
  3052 | D:3      | Reached XP level 6. HP: 5/32 MP: 0/12
  3335 | D:3      | Learned a level 4 spell: Fulminant Prism
  4130 | D:3      | Found a glowing golden altar of the Shining One.
  4243 | D:4      | Reached skill level 9 in Conjurations
  4391 | D:4      | Reached XP level 7. HP: 30/36 MP: 3/13
  4769 | D:4      | You fall into a shaft and drop 2 floors!
  5224 | D:6      | Reached skill level 10 in Conjurations
  5582 | D:5      | Entered Level 5 of the Dungeon
  5585 | D:5      | Noticed Edmund
  5600 | D:4      | Killed Edmund
  5829 | D:4      | Found a shimmering altar of Xom.
  5839 | D:4      | Found a shimmering altar of Xom.
  5839 | D:4      | Found a shimmering altar of Xom.
  5839 | D:4      | Found a shimmering altar of Xom.
  5840 | D:4      | Found a shimmering altar of Xom.
  5840 | D:4      | Found a shimmering altar of Xom.
  5841 | D:4      | Found a shimmering altar of Xom.
  6063 | D:4      | Found a shimmering altar of Xom.
  6568 | D:5      | Reached XP level 8. HP: 41/41 MP: 13/16
  6574 | D:5      | Learned a level 4 spell: Iskenderun's Mystic Blast
  6781 | D:5      | Reached skill level 5 in Spellcasting
  7404 | D:5      | Reached skill level 5 in Dodging
  7620 | D:6      | Found Futziexa's Jewellery Shoppe.
  8041 | D:6      | Found a basalt altar of Yredelemnul.
  8121 | D:6      | Reached skill level 11 in Conjurations
  8985 | D:7      | Reached XP level 9. HP: 45/45 MP: 12/21
  9422 | D:7      | Found a bloodstained altar of Trog.
  9564 | D:7      | Found a white marble altar of Elyvilon.
 10249 | D:7      | Identified the +2 robe "Atiriryi" {Regen+ Str+7 Dex-4
                  | Stlth-}
 10453 | D:7      | Found a staircase to the Ecumenical Temple.
 10459 | Temple   | Entered the Ecumenical Temple
 10618 | Temple   | Became a worshipper of Sif Muna the Loreminder
 11398 | D:8      | Noticed a two-headed ogre
 11406 | D:8      | Demolished by a two-headed ogre

Illustrated notes

Levels and vault maps discovered:
D:1:      dpeg_arrival_stonehenge_8_columns, layout_loops_ring, serial_forest,
          infiniplex_forest_lined_room_, infiniplex_forest_lined_4_way,
          infiniplex_forest_clump_medium, infiniplex_forest_clump_diagonal,
          infiniplex_forest_straight_2, infiniplex_forest_clump_long,
          infiniplex_forest_corner_1, infiniplex_forest_corner_2,
          minmay_hedge_maze, hangedman_glass_teeth, serial_park_tiny_pond
D:2:      layout_basic, chequers_temple_overflow_statue_of_worship,
          nicolae_ru_sacrificial_ziggurat,
          chequers_ecumenical_altar_simple_redux
D:3:      layout_loops_cross, fedhas_ov_isle_minmay, tso_metal_star,
          uniq_grinder
D:4:      layout_loops_ring, xom_redecorated
D:5:      kennysheep_big_flooded_room, layout_basic, gup_sewer_entry_glass,
          minivault_25, uniq_edmund
D:6:      layout_basic, nicolae_overflow_crystal_walls, serial_shops, shop,
          grunt_decor_one_mirror
D:7:      layout_cave_pools, elyvilon_altar_4, minmay_temple_entry_fiery,
          serial_bayou, serial_bayou_shore_b, serial_bayou_lake_a,
          serial_bayou_ford_a, serial_bayou_pond_a, trog_eyes_of_draining
D:8:      layout_basic
Temple:   minmay_temple_curvy_branch

Skill      XL: |  1  2  3  4  5  6  7  8  9 |
---------------+----------------------------+-----
Conjurations   | 5 6 7 8 9 10 11 | 11.6
Dodging        | 3 6 7 |  7.4
Spellcasting   | 4 6 8 |  8.2
Stealth        | |  2.4
Hexes          | |  0.4

Action                   |  1- 3 |  4- 6 |  7- 9 || total
-------------------------+-------+-------+-------++-------
Melee: Dagger            |       |     4 |     6 ||    10
 Cast: Magic Dart        |    79 |    73 |   228 ||   380
       Searing Ray       |     4 |     7 |    48 ||    59
       Fulminant Prism   |       |       |     2 ||     2
       Iskenderun's Myst |       |       |     4 ||     4
       Dazzling Flash    |       |       |     2 ||     2
  Use: Scroll            |       |       |    10 ||    10
Armor: Robe              |     4 |     2 |    11 ||    17
Dodge: Dodged            |     2 |     5 |    54 ||    61
